Match 33121850
Unlisted

Match 33121850
End
Construct Infanterie Kompanie
Kettenkrad Recon Vehicle
Selects Mechanized Battlegroup
MG 42 Machine Gun Team
Grenadier Squad
Grenadier Squad
Grenadier Squad
Construct Panzergrenadier Kompanie
251 Medium Carrier
Pak 40 Anti-tank Gun Team
MG 42 Machine Gun Team
✠Defender
Stormless
Humongous
WoW
Bruistablet
Bad Moon
[KZR]Rjut
kingweef
0
0

Comments sign in to comment!

No comments posted yet!